 Dungeon Crawl Stone Soup version 0.29-a0-371-g91724d5b39 (webtiles) character file.

Game seed: 3691815833573627070

176 timneilson the Shield-Bearer (level 5, 0/33 HPs)
             Began as a Gargoyle Fighter on May 2, 2022.
             Slain by an orc
             ... wielding a +1 short sword of venom
              (2 damage)
             ... on level 3 of the Dungeon.
             The game lasted 00:03:42 (2475 turns).

timneilson the Shield-Bearer (Gargoyle Fighter)     Turns: 2475, Time: 00:03:43

Health: 0/33       AC: 12    Str: 21    XL:     5   Next: 56%
Magic:  5/5        EV:  9    Int:  9    God:
Gold:   70         SH:  4    Dex:  9    Spells: 4/4 levels left

rFire   . . .      SeeInvis .   a - +1 long sword
rCold   . . .      Faith    .   c - +0 buckler
rNeg    + . .      Spirit   .   b - +0 scale mail
rPois   ∞          Reflect  .   (no helmet)
rElec   +          Harm     .   m - +0 cloak
rCorr   +          Rampage  .   (no gloves)
Will    .....                   (no boots)
Stlth   ..........              (no amulet)
HPRegen 0.11/turn               k - ring of resist corrosion
MPRegen 0.09/turn               (no ring)

@: no status effects
A: sickness immunity, AC +4, negative energy resistance 1, electricity
resistance, torment resistance 1, petrification resistance
a: no special abilities


You were on level 3 of the Dungeon.
You visited 1 branch of the dungeon, and saw 3 of its levels.

You collected 70 gold pieces.

Inventory:

Hand Weapons
 a - a +1 long sword (weapon)
Armour
 b - a +0 scale mail (worn)
 c - a +0 buckler (worn)
 m - a +0 cloak (worn)
Jewellery
 i - a ring of fire
 k - a ring of resist corrosion (left hand)
Wands
 e - a wand of iceblast (5)
Scrolls
 o - a scroll of enchant weapon
Potions
 d - 2 potions of might
 f - a potion of mutation
 g - a potion of flight
 h - 2 potions of resistance
 j - a potion of lignification
 l - a potion of curing {unknown}
 n - a potion of magic {unknown}


   Skills:
 + Level 3.7 Fighting
 * Level 2.9 Long Blades
 * Level 4.4 Armour
 + Level 1.1 Dodging
 * Level 4.4 Shields
 + Level 0.0 Evocations


You had 4 spell levels left.
You didn't know any spells.
Your spell library contained the following spells:

 Spells                   Type           Power      Damage    Failure   Level
 Apportation              Tloc           0%         N/A       80%         1
 Alistair's Intoxication  Tmut/Pois      0%         N/A       100%        5


Dungeon Overview and Level Annotations

Branches:
Dungeon (3/15)

Altars:


Innate Abilities, Weirdness & Mutations

You are immune to sickness and miasma.
Your stone body is resilient. (AC +4)
You are immune to poison.
You resist negative energy. (rN+)
You are resistant to electric shocks. (rElec)
You are resistant to unholy torment.
You are immune to petrification.


Message History

The orc wizard points at you and mumbles some strange words.
The magic dart hits you.
The orc priest casts a cantrip, but nothing happens.
You hit the orc.
The orc is heavily wounded.
The orc wizard casts a spell at you. You resist with some effort.
The orc hits you but does no damage.
You closely miss the orc wizard.
The orc wizard points at you and mumbles some strange words.
The puff of flame hits you.
The orc hits you with a +1 short sword of venom.
* * * LOW HITPOINT WARNING * * *
You barely miss the orc wizard. The orc wizard closely misses you.
The orc hits you but does no damage.
You barely miss the orc wizard. You block the orc wizard's attack.
The orc closely misses you. The orc hits you but does no damage.
The orc wizard gestures at you while chanting.
You resist with some effort.
You barely miss the orc wizard. The orc barely misses you.
You block the orc wizard's attack.
You hit the orc wizard.
The orc wizard is moderately wounded.
The orc wizard hits you but does no damage.
The orc barely misses you.
You hit the orc wizard but do no damage.
The orc wizard is moderately wounded.
The orc wizard hits you but does no damage.
The orc hits you with a +1 short sword of venom.
* * * LOW HITPOINT WARNING * * *
The orc hits you but does no damage. The orc wizard closely misses you.
You hit the orc wizard but do no damage.
The orc wizard is moderately wounded.
The orc wizard hits you with a +4 dagger.
* * * LOW HITPOINT WARNING * * *
The orc hits you but does no damage.
You hit the orc wizard.
The orc wizard is heavily wounded.
The orc wizard barely misses you.
The orc hits you with a +1 short sword of venom.
You die...

#.############.
#>##......^....
#.##.#########.
#.##.# #.##.#
##.##.#
#...#.#######
#..........o#
#...#.#####@#
#####.# #o# #.#


#oo #.# ...# #.# .... #.. ...... ### .....# ##...## You could see an orc priest,
an orc wizard and 2 orcs.

Vanquished Creatures
  A phantom (D:2)
  An iguana (D:2)
  Ijyb (D:3)
  An adder (D:3)
  A worm (D:2)
  A dart slug (D:2)
  7 ball pythons
  5 endoplasms
  A giant cockroach (D:2)
  4 goblins
  A hobgoblin (D:1)
  3 jackals (D:1)
  4 kobolds
  2 quokkas
  A frilled lizard (D:1)
  3 rats (D:1)
37 creatures vanquished.

Notes
Turn   | Place    | Note
-------+----------+-------------------------------------------
     0 | D:1      | timneilson the Gargoyle Fighter began the quest for the
                  | Orb.
     0 | D:1      | Reached XP level 1. HP: 14/14 MP: 1/1
   160 | D:1      | Reached XP level 2. HP: 11/19 MP: 2/2
   732 | D:1      | Reached XP level 3. HP: 14/23 MP: 3/3
  1311 | D:2      | HP: 1/23 [worm (8)]
  1315 | D:2      | Reached XP level 4. HP: 1/28 MP: 4/4
  1696 | D:2      | Noticed a phantom
  1729 | D:2      | Killed a phantom
  1730 | D:2      | Reached skill level 1 in Dodging
  1730 | D:2      | Reached XP level 5. HP: 6/33 MP: 5/5
  2044 | D:2      | Found a faded altar of an unknown god.
  2298 | D:3      | Noticed Ijyb
  2311 | D:3      | Killed Ijyb
  2475 | D:3      | Slain by an orc

Illustrated notes

Levels and vault maps discovered:
D:1:      ncdulo_wetmaze, layout_basic, chequers_serial_rivers_small_b
D:2:      layout_rooms, basic_ecumenical_altar
D:3:      layout_loops_ring, uniq_crazy_yiuf_cottage, uniq_ijyb, uniq_sigmund

Skill      XL: |  1  2  3  4 |
---------------+-------------+-----
Long Blades    | 2 |  2.9
Shields        | 4 |  4.4
Armour         | 4 |  4.4
Dodging        | 1 |  1.1
Fighting       | |  3.7

Action                   |  1- 3 |  4- 6 || total
-------------------------+-------+-------++-------
Melee: Long sword        |    88 |    70 ||   158
  Use: Scroll            |     3 |     4 ||     7
Armor: Scale mail        |    48 |    44 ||    92
Dodge: Dodged            |    40 |    32 ||    72
Block: Buckler           |    18 |    12 ||    30

Table legend: (Time is in decaauts)
 A = Elapsed time spent in this place.
 B = Non-inter-level travel time spent in this place.
 C = Inter-level travel time spent in this place.
 D = Time resting spent in this place.
 E = Time spent auto-exploring this place.
 F = Levels seen in this place.
 G = Mean time per level.
                   A        B        C        D        E       F      G
               +--------+--------+--------+--------+--------+-----+--------+
         Total |   2532 |   2491 |     41 |    312 |   1702 |   3 |  844.0 |
       Dungeon |   2532 |   2491 |     41 |    312 |   1702 |   3 |  844.0 |
               +--------+--------+--------+--------+--------+-----+--------+

Top non-repeatable levels by time:
     D:1: 1272 daAuts
     D:2: 1048 daAuts
     D:3: 212 daAuts
